AoeStats
← Hackett Geert Kasch

Fortress

508474718Analyzed
4v4 RM · 11d ago on Sep 22, 2026· 62m 48s· 8 players
Game mode
Random Map
Map size
Huge
Population
200
Speed
Normal
Resources
Standard
Victory
Conquest
Starting age
Dark Age
Ending age
Imperial Age
RankedLock teamsTeams togetherTeam positionsShared explorationLock speedFull tech treeHidden civsTurbo modeCheats
Victory
Defeat
🇨🇳 Goths · China
1144
+15
🇧🇷 Poles · Brazil
1138
+15
🇨🇳 Franks · China
1113
+16
🇨🇦 Varangians · Canada
1096
+17
🇧🇪 Vietnamese · Belgium
1182
-18
🇹🇷 Persians · Türkiye
1122
-16
🇫🇷 Turks · France
1103
-15
🇲🇽 Spanish · Mexico
1073
-14
vince.dion123
7:52 Feudal Age
12:15 Castle Age
10:04 Double-Bit Axe
11:35 Horse Collar
13:10 Loom
14:56 Fervor
15:06 Bow Saw
20:26 Wheelbarrow
20:10 Town Watch
22:13 Heavy Plow
28:11 Imperial Age
26:36 Bloodlines
26:27 Husbandry
27:13 Forging
27:10 Scale Barding Armor
27:31 Ballistics
28:11 Gold Mining
28:11 Stone Mining
28:42 Fortified Wall
29:18 Iron Casting
30:52 Conscription
29:54 Elite Jarl
31:22 Stone Shaft Mining
32:13 Chain Barding Armor
32:28 Hand Cart
32:14 Town Patrol
32:48 Crop Rotation
33:58 Two-Man Saw
34:41 Plate Barding Armor
36:27 Blast Furnace
37:47 Masonry
38:26 Theocracy
38:17 Illumination
37:58 Fletching
37:47 Cavalier
38:14 Vendel Legacy
39:36 Bodkin Arrow
47:08 Bracer
47:09 Padded Archer Armor
53:31 Siege Engineers
56:11 Chemistry
55:41 Architecture
56:16 Leather Archer Armor
55:32 Capped Ram
57:05 Siege Ram
TheLawRøcK®
7:30 Feudal Age
9:02 Wheelbarrow
12:47 Castle Age
10:45 Horse Collar
11:15 Double-Bit Axe
13:53 Hand Cart
13:51 Bow Saw
13:55 Heavy Plow
18:50 Gold Mining
26:04 Imperial Age
24:06 Szlachta Privileges
25:46 Forging
26:03 Bloodlines
25:54 Husbandry
27:18 Crop Rotation
26:15 Cavalier
27:32 Iron Casting
27:03 Scale Barding Armor
27:40 Conscription
31:36 Blast Furnace
30:56 Chain Barding Armor
34:28 Fletching
34:38 Stone Mining
38:39 Bodkin Arrow
42:53 Light Cavalry
46:49 Winged Hussar
48:05 Lechitic Legacy
51:12 Bracer
51:38 Spies/Treason
美团外卖总教练
9:22 Feudal Age
9:58 Double-Bit Axe
9:55 Horse Collar
9:39 Man-at-Arms
12:02 Wheelbarrow
13:12 Loom
15:28 Castle Age
14:31 Forging
16:31 Hand Cart
16:41 Heavy Plow
17:27 Bow Saw
17:30 Long Swordsman
18:11 Squires
19:42 Iron Casting
19:09 Scale Mail Armor
21:46 Pikeman
23:01 Anarchy
23:04 Gold Mining
42:39 Stone Mining
50:31 Imperial Age
56:58 Two-Man Saw
56:32 Crop Rotation
56:42 Stone Shaft Mining
Q
3:24 Loom
8:11 Feudal Age
12:26 Castle Age
11:00 Scale Barding Armor
11:16 Double-Bit Axe
12:49 Scale Mail Armor
13:00 Forging
12:43 Gold Mining
22:05 Chain Mail Armor
22:01 Arson
22:17 Squires
25:54 Stone Mining
29:16 Gold Shaft Mining
33:27 Imperial Age
33:56 Iron Casting
34:28 Wheelbarrow
34:41 Chain Barding Armor
36:30 Chemistry
35:50 Ballistics
35:53 Ordonnance Companies
36:26 Elite Throwing Axeman
40:01 Conscription
42:16 Blast Furnace
41:52 Plate Barding Armor
41:48 Plate Mail Armor
48:02 Plate Barding Armor
47:19 Fletching
47:30 Padded Archer Armor
51:39 Spies/Treason
Hackett Geert Kasch
0:29 Loom
6:04 Feudal Age
7:41 Wheelbarrow
6:49 Horse Collar
6:54 Double-Bit Axe
10:23 Gold Mining
14:20 Castle Age
13:25 Bloodlines
13:48 Scale Barding Armor
18:06 Husbandry
20:39 Hand Cart
21:14 Forging
22:04 Fletching
23:12 Bow Saw
24:23 Chain Barding Armor
23:59 Bodkin Arrow
25:14 Thumb Ring
29:43 Imperial Age
27:09 Town Watch
27:23 Elite Skirmisher
28:15 Padded Archer Armor
29:44 Leather Archer Armor
30:46 Iron Casting
30:50 Conscription
31:03 Squires
30:50 Pikeman
31:30 Elite Skirmisher
32:29 Bracer
33:05 Plate Barding Armor
33:01 Ring Archer Armor
Kim jong-un
7:45 Feudal Age
11:24 Castle Age
10:08 Double-Bit Axe
13:10 Bow Saw
15:09 Horse Collar
18:18 Heavy Plow
19:13 Gold Mining
22:09 Loom
22:59 Wheelbarrow
22:10 Town Watch
23:12 Gold Shaft Mining
26:31 Imperial Age
25:12 Hand Cart
26:04 Bloodlines
25:54 Husbandry
27:00 Stone Mining
27:44 Conscription
27:44 Scale Barding Armor
28:05 Padded Archer Armor
30:12 Two-Man Saw
29:46 Chain Barding Armor
31:32 Plate Barding Armor
31:13 Leather Archer Armor
37:01 Ring Archer Armor
36:42 Forging
emre_gul19
5:46 Feudal Age
6:59 Wheelbarrow
6:09 Double-Bit Axe
12:55 Castle Age
11:27 Stone Mining
11:55 Horse Collar
13:31 Heavy Plow
16:06 Loom
19:18 Bow Saw
20:15 Hand Cart
20:54 Gold Mining
21:06 Town Watch
22:43 Gold Shaft Mining
23:32 Town Patrol
24:40 Stone Shaft Mining
25:26 Scale Barding Armor
25:31 Forging
25:22 Padded Archer Armor
28:33 Imperial Age
27:21 Kamandaran
28:00 Iron Casting
27:16 Fletching
27:47 Chain Barding Armor
26:52 Crossbowman
27:38 Thumb Ring
30:33 Two-Man Saw
30:07 Crop Rotation
30:01 Conscription
30:44 Blast Furnace
30:27 Husbandry
30:37 Bloodlines
29:51 Light Cavalry
31:44 Ballistics
32:24 Chemistry
31:44 Leather Archer Armor
31:25 Bodkin Arrow
34:37 Plate Barding Armor
34:33 Ring Archer Armor
35:11 Hussar
41:16 Elite War Elephant
42:51 Scale Mail Armor
48:13 Coinage
in'Thomas
0:29 Loom
8:13 Feudal Age
13:25 Castle Age
11:50 Double-Bit Axe
11:49 Horse Collar
13:21 Fletching
13:31 Padded Archer Armor
13:31 Crossbowman
14:35 Bow Saw
14:27 Heavy Plow
20:07 Ballistics
19:56 Squires
20:04 Town Watch
21:43 Bodkin Arrow
23:20 Leather Archer Armor
23:20 Gold Mining
24:29 Stone Mining
26:12 Wheelbarrow
27:05 Thumb Ring
36:34 Imperial Age
35:52 Murder Holes
36:07 Masonry
36:35 Arbalester
37:17 Bracer
37:47 Ring Archer Armor
39:16 Chemistry
38:35 Hand Cart
Connection lost

Rejoining the realm…

Still unreachable

The connection could not be restored.

Session expired

The server has moved on; the page needs a fresh start.